 Dungeon Crawl Stone Soup version 0.31.0-11-ge490571c62 (webtiles) character file.

Game seed: 9172071971181219143

6644 qw the Markself (level 10, -12/56 HPs)
             Began as a Deep Elf Hunter on Feb 4, 2024.
             Was a Priest of Okawaru.
             Mangled by a cyan ugly thing (15 damage)
             ... on level 9 of the Dungeon.
             The game lasted 00:00:35 (6953 turns).

qw the Markself (Deep Elf Hunter)                   Turns: 6953, Time: 00:00:35

Health: -12/56     AC: 14    Str: 15    XL:     10   Next: 72%
Magic:  12/16      EV: 15    Int: 15    God:    Okawaru [***...]
Gold:   462        SH:  0    Dex: 21    Spells: 9/9 levels left

rFire   . . .        l - +0 longbow
rCold   . . .        (shield currently unavailable)
rNeg    + . .        b - +5 ring mail
rPois   .            (no helmet)
rElec   .            (no cloak)
rCorr   .            (no gloves)
SInv    .            (no boots)
Will    ++...        (no amulet)
Stlth   +            m - ring of Pride {rN+ Will+ Str+3 Dex+3}
HPRegen 0.29/turn    h - +4 ring of protection
MPRegen 0.15/turn

%: no passive effects
@: about to teleport, finesse-ful
A: no striking features
a: Renounce Religion, Heroism


You were on level 9 of the Dungeon.
You worshipped Okawaru.
Okawaru was most pleased with you.
You visited 2 branches of the dungeon, and saw 10 of its levels.

You collected 572 gold pieces.
You spent 110 gold pieces at shops.


   Skills:
 - Level 4.1 Fighting
 + Level 17.8 Ranged Weapons
 - Level 1.7 Armour
 - Level 7.0 Dodging
 - Level 1.2 Stealth
 - Level 5.6 Invocations


You had 9 spell levels left.
You didn't know any spells.
Your spell library was empty.

Inventory:

Hand Weapons
 l - a +0 longbow (weapon)
Armour
 b - a +5 ring mail (worn)
Jewellery
 h - a +4 ring of protection (right hand)
 m - the ring of Pride (left hand) {rN+ Will+ Str+3 Dex+3}
   (You found it on level 7 of the Dungeon)

   [ring of positive energy]

   Str+3:     It affects your strength (+3).
   Dex+3:     It affects your dexterity (+3).
   rN+:       It protects you from negative energy.
   Will+:     It increases your willpower.
 Y - a ring of protection from fire
Wands
 f - a wand of iceblast (4)
 j - a wand of light (9)
Scrolls
 a - 2 scrolls of identify
 g - 2 scrolls of teleportation
Potions
 d - 2 potions of curing
 e - 2 potions of mutation
 i - a potion of enlightenment {unknown}
 k - a potion of resistance

Dungeon Overview and Level Annotations

Branches:
Dungeon (9/15)             Temple (1/1) D:6            Lair (0/5) D:9
    Orc: D:9-12

Altars:
Ashenzari
Cheibriados
Dithmenos
Elyvilon
Gozag
Hepliaklqana
Kikubaaqudgha
Makhleb
Nemelex Xobeh
Okawaru
Qazlal
Ru
Sif Muna
Trog
Uskayaw
Wu Jian
Xom
Yredelemnul
Zin
The Shining One

Shops:
D:5 (


Message History

You shoot an arrow. The arrow hits the cyan ugly thing.
The cyan ugly thing is lightly wounded.
You shoot an arrow. The arrow hits the cyan ugly thing.
The cyan ugly thing is lightly wounded.
You shoot an arrow.
The arrow hits the cyan ugly thing but does no damage.
The cyan ugly thing is lightly wounded.
You shoot an arrow. The arrow hits the cyan ugly thing.
The cyan ugly thing is lightly wounded.
You shoot an arrow.
The arrow closely misses the cyan ugly thing.
You shoot an arrow.
The arrow closely misses the cyan ugly thing.
You shoot an arrow. The arrow hits the cyan ugly thing!
The cyan ugly thing is heavily wounded.
You shoot an arrow.
The arrow closely misses the cyan ugly thing.
The cyan ugly thing tail-slaps you but does no damage.
You shoot an arrow. The arrow hits the cyan ugly thing!
The cyan ugly thing is severely wounded.
You shoot an arrow.
The arrow closely misses the cyan ugly thing.
You shoot an arrow.
The arrow closely misses the cyan ugly thing.
The cyan ugly thing tail-slaps you but does no damage.
You shoot an arrow.
The arrow barely misses the cyan ugly thing.
You shoot an arrow.
The arrow completely misses the cyan ugly thing.
The cyan ugly thing tail-slaps you! The cyan ugly thing shocks you!
You shoot an arrow. The arrow hits the cyan ugly thing!
The cyan ugly thing is almost dead.
You shoot an arrow. The arrow hits the cyan ugly thing.
The cyan ugly thing is almost dead.
The cyan ugly thing tail-slaps you! The cyan ugly thing shocks you!
6953 ||| READING 3 scrolls of teleportation.
As you read the scroll of teleportation, it crumbles to dust.
You feel strangely unstable. The cyan ugly thing tail-slaps you.
The cyan ugly thing shocks you!
You die...

..#.#...###....##
...##..####.....# ####
..##....##......# #...
#..#.....#......########
#...
#.....>...........=.....
# #...
...#.....#.............?
+..#...
..###...###....#........
#.....
...#....##.....#........
###...
?.#.#...#.#.....@u......
#...
..............##+#######
#... .....#.......##
#... ~............# ####
##..........## #
..........### #
.###.~#..## # ...#.#.#
##.###.#


You could see a cyan ugly thing.

Vanquished Creatures
  A two-headed ogre (D:9)
  A cyclops (D:9)
  A rime drake (D:9)
  A polar bear (D:9)
  A hornet (D:9)
  A shadow (D:9)
  4 yaks
  2 water moccasins
  2 sky beasts
  13 ice beasts
  3 orc warriors
  4 black bears
  A centaur (D:5)
  2 wolves (D:9)
  2 phantoms
  A kobold brigand (D:8)
  A bullfrog (D:7)
  10 wights
  3 killer bees (D:8)
  An electric eel (D:7)
  2 howler monkeys
  2 bombardier beetles
  5 orc priests
  4 hounds
  2 iguanas
  A sleepcap (D:5)
  4 orc wizards
  3 gnolls (D:5)
  7 adders
  A shadow imp (D:6)
  3 white imps
  An ufetubus (D:7)
  2 dart slugs
  A ribbon worm (D:2)
  23 orcs
  3 ball pythons
  8 endoplasms
  A giant cockroach (D:1)
  7 goblins
  4 hobgoblins
  8 kobolds
  3 quokkas
  3 training dummies (D:5)
  5 bats
  2 frilled lizards (D:1)
  6 rats
166 creatures vanquished.

Notes
Turn   | Place    | Note
-------+----------+-------------------------------------------
     0 | D:1      | qw the Deep Elf Hunter began the quest for the Orb.
     0 | D:1      | Reached XP level 1. HP: 12/12 MP: 3/3
     0 | D:1      | 0 ||| qw: Version: 0.3-a-160-g6735b56
     0 | D:1      | 0 ||| qw: Game counter: 6101
     0 | D:1      | 0 ||| qw: Melee chars always use a shield: true
     0 | D:1      | 0 ||| qw: God list: Okawaru
     0 | D:1      | 0 ||| qw: Allow faded altars: false
     0 | D:1      | 0 ||| qw: Do Orc after clearing Dungeon:15 true
     0 | D:1      | 0 ||| qw: Do second Lair branch before Depths: true
     0 | D:1      | 0 ||| qw: Lair rune preference: random
     0 | D:1      | 0 ||| qw: Goals: Normal
     0 | D:1      | 0 ||| PLANNING D:1-11
    86 | D:1      | Reached skill level 6 in Ranged Weapons
    86 | D:1      | Reached XP level 2. HP: 16/16 MP: 4/4
   719 | D:1      | 719 ||| UPGRADING to +0 ring mail.
   729 | D:1      | 729 ||| DROPPING +0 leather armour.
   730 | D:1      | 730 ||| UPGRADING to +4 ring of protection.
   731 | D:1      | 731 ||| READING scroll labelled PITWATUADOE.
   732 | D:1      | 732 ||| READING scroll labelled YCWADA DAIFOONN.
   732 | D:1      | 732 ||| IDENTIFYING red potion
   733 | D:1      | 733 ||| READING scroll labelled TINUL OFFOMU.
   734 | D:1      | 734 ||| READING scroll labelled AKLYOGG YTEPS.
   735 | D:1      | 735 ||| READING scroll labelled BOWKIM MOMECIF.
   736 | D:1      | 736 ||| DRINKING 2 bubbling pink potions.
   737 | D:1      | 737 ||| DRINKING 2 sedimented blue potions.
   740 | D:1      | 740 ||| DROPPING scroll of butterflies.
   741 | D:1      | 741 ||| DROPPING potion of ambrosia.
   742 | D:1      | 742 ||| DROPPING potion of degeneration.
   743 | D:1      | 743 ||| DROPPING potion of brilliance.
   780 | D:2      | Reached XP level 3. HP: 20/20 MP: 5/5
   993 | D:2      | Reached skill level 7 in Ranged Weapons
  1420 | D:2      | 1420 ||| READING scroll of identify.
  1420 | D:2      | 1420 ||| IDENTIFYING smoky emerald potion
  1421 | D:2      | 1421 ||| READING scroll labelled KOXITZ EPHU.
  1421 | D:2      | 1421 ||| ENCHANTING +0 ring mail.
  1422 | D:2      | 1422 ||| READING scroll labelled EGIPHAGREF.
  1423 | D:2      | 1423 ||| READING 2 scrolls labelled ZOSOXUJEAJ.
  1575 | D:3      | Reached XP level 4. HP: 25/25 MP: 6/6
  1597 | D:3      | Identified the +8 dagger of Wrath {spect, *Rage rF+ rN+
                  | Int+2}
  1638 | D:3      | Found a burning altar of Makhleb.
  1773 | D:3      | 1773 ||| READING scroll of identify.
  1773 | D:3      | 1773 ||| IDENTIFYING murky ruby potion
  1774 | D:3      | 1774 ||| READING 4 scrolls labelled ZINUFFUT LOFI.
  1775 | D:3      | 1775 ||| DRINKING 2 emerald potions.
  1822 | D:3      | 1822 ||| DROPPING 3 scrolls of revelation.
  1823 | D:3      | 1823 ||| DROPPING potion of lignification.
  2058 | D:4      | Noticed a phantom
  2060 | D:4      | 2060 ||| ZAPPING wand of light (6) at -5,0 (phantom;
                  | floor).
  2061 | D:4      | 2061 ||| ZAPPING wand of light (5) at -4,0 (phantom;
                  | floor).
  2062 | D:4      | 2062 ||| ZAPPING wand of light (4) at -3,0 (phantom;
                  | floor).
  2063 | D:4      | 2063 ||| ZAPPING wand of light (3) at -2,0 (phantom;
                  | floor).
  2064 | D:4      | 2064 ||| ZAPPING wand of light (2) at -1,0 (phantom;
                  | floor).
  2065 | D:4      | 2065 ||| ZAPPING wand of light (1) at -1,0 (phantom;
                  | floor).
  2065 | D:4      | Killed a phantom
  2066 | D:4      | Reached skill level 8 in Ranged Weapons
  2066 | D:4      | Reached XP level 5. HP: 29/29 MP: 7/7
  2378 | D:4      | Reached skill level 9 in Ranged Weapons
  2402 | D:4      | 2402 ||| FLEEEEING.
  2666 | D:4      | 2666 ||| READING scroll of identify.
  2666 | D:4      | 2666 ||| IDENTIFYING orange potion
  2667 | D:4      | 2667 ||| DROPPING potion of magic.
  2685 | D:5      | Entered Level 5 of the Dungeon
  2921 | D:5      | Found Qostun's Firing Range.
  2930 | D:5      | 2930 ||| BUYING +0 arbalest (45 gold).
  2930 | D:5      | Bought a +0 arbalest for 45 gold pieces
  2930 | D:5      | 2930 ||| BUYING +0 longbow (65 gold).
  2930 | D:5      | Bought a +0 longbow for 65 gold pieces
  2930 | D:5      | 2930 ||| SWAPPING to +0 longbow.
  2931 | D:5      | 2931 ||| DROPPING +0 shortbow.
  2932 | D:5      | 2932 ||| DROPPING +0 arbalest.
  2945 | D:5      | Noticed a centaur
  2949 | D:5      | HP: 7/30 [centaur/arrow (7)]
  2949 | D:5      | HP: 3/30 [centaur/arrow (4)]
  2950 | D:5      | 2950 ||| READING scroll of teleportation.
  2951 | D:5      | 2951 ||| DRINKING 2 potions of heal wounds.
  2952 | D:5      | 2952 ||| ZAPPING wand of light (14) at -1,4 (centaur;
                  | floor).
  2953 | D:5      | 2953 ||| ZAPPING wand of light (13) at -1,4 (centaur;
                  | floor).
  2954 | D:5      | 2954 ||| ZAPPING wand of light (12) at -1,4 (centaur;
                  | floor).
  2954 | D:5      | Killed a centaur
  2955 | D:5      | Reached XP level 6. HP: 17/35 MP: 8/8
  3061 | D:5      | Reached skill level 10 in Ranged Weapons
  3068 | D:5      | Reached skill level 3 in Dodging
  3244 | D:5      | Reached XP level 7. HP: 40/40 MP: 9/9
  3325 | D:5      | Found a shimmering blue altar of Sif Muna.
  3415 | D:5      | Found a glowing golden altar of the Shining One.
  3469 | D:5      | 3469 ||| READING scroll of identify.
  3469 | D:5      | 3469 ||| IDENTIFYING metallic black potion
  3470 | D:5      | 3470 ||| DRINKING 3 bubbling puce potions.
  3471 | D:5      | 3471 ||| FLEEEEING.
  3472 | D:5      | 3472 ||| FLEEEEING.
  3473 | D:5      | 3473 ||| FLEEEEING.
  3474 | D:5      | 3474 ||| FLEEEEING.
  3475 | D:5      | 3475 ||| FLEEEEING.
  3476 | D:5      | 3476 ||| FLEEEEING.
  3477 | D:5      | 3477 ||| FLEEEEING.
  3478 | D:5      | 3478 ||| FLEEEEING.
  3479 | D:5      | 3479 ||| FLEEEEING.
  3480 | D:5      | 3480 ||| FLEEEEING.
  3481 | D:5      | 3481 ||| FLEEEEING.
  3482 | D:5      | 3482 ||| FLEEEEING.
  3483 | D:5      | 3483 ||| FLEEEEING.
  3484 | D:5      | 3484 ||| FLEEEEING.
  3485 | D:5      | 3485 ||| FLEEEEING.
  3486 | D:5      | 3486 ||| FLEEEEING.
  3487 | D:5      | 3487 ||| FLEEEEING.
  3488 | D:5      | 3488 ||| FLEEEEING.
  3489 | D:5      | 3489 ||| FLEEEEING.
  3490 | D:5      | 3490 ||| FLEEEEING.
  3491 | D:5      | 3491 ||| FLEEEEING.
  3492 | D:5      | 3492 ||| FLEEEEING.
  3493 | D:5      | 3493 ||| FLEEEEING.
  3494 | D:5      | 3494 ||| FLEEEEING.
  3495 | D:5      | 3495 ||| FLEEEEING.
  3496 | D:5      | 3496 ||| FLEEEEING.
  3497 | D:5      | 3497 ||| FLEEEEING.
  3498 | D:5      | 3498 ||| FLEEEEING.
  3499 | D:5      | 3499 ||| FLEEEEING.
  3500 | D:5      | 3500 ||| FLEEEEING.
  3501 | D:5      | 3501 ||| FLEEEEING.
  3502 | D:5      | 3502 ||| FLEEEEING.
  3503 | D:5      | 3503 ||| FLEEEEING.
  3504 | D:5      | 3504 ||| FLEEEEING.
  3505 | D:5      | 3505 ||| FLEEEEING.
  3506 | D:5      | 3506 ||| FLEEEEING.
  3507 | D:5      | 3507 ||| FLEEEEING.
  3508 | D:5      | 3508 ||| FLEEEEING.
  3509 | D:5      | 3509 ||| FLEEEEING.
  3510 | D:5      | 3510 ||| DROPPING 2 potions of berserk rage.
  3562 | D:6      | Found a staircase to the Ecumenical Temple.
  3563 | D:6      | 3563 ||| PLANNING TEMPLE
  3573 | Temple   | Entered the Ecumenical Temple
  3574 | Temple   | 3574 ||| PLANNING OKAWARU WORSHIP
  3584 | Temple   | Became a worshipper of Warmaster Okawaru
  3585 | Temple   | 3585 ||| PLANNING D:1-11
  3625 | D:6      | Reached skill level 11 in Ranged Weapons
  3700 | D:6      | 3700 ||| RETREEEEATING.
  3989 | D:6      | 3989 ||| FLEEEEING.
  3990 | D:6      | 3990 ||| FLEEEEING.
  3991 | D:6      | 3991 ||| FLEEEEING.
  3992 | D:6      | 3992 ||| FLEEEEING.
  3993 | D:6      | 3993 ||| FLEEEEING.
  3996 | D:6      | 3996 ||| FLEEEEING.
  3997 | D:6      | 3997 ||| FLEEEEING.
  3998 | D:6      | 3998 ||| FLEEEEING.
  3999 | D:6      | 3999 ||| FLEEEEING.
  4000 | D:6      | 4000 ||| FLEEEEING.
  4001 | D:6      | 4001 ||| FLEEEEING.
  4002 | D:6      | 4002 ||| FLEEEEING.
  4003 | D:6      | 4003 ||| FLEEEEING.
  4004 | D:6      | 4004 ||| FLEEEEING.
  4006 | D:6      | 4006 ||| FLEEEEING.
  4007 | D:6      | 4007 ||| FLEEEEING.
  4015 | D:6      | 4015 ||| FLEEEEING.
  4016 | D:6      | 4016 ||| FLEEEEING.
  4028 | D:6      | Reached skill level 12 in Ranged Weapons
  4121 | D:6      | Found a snail-covered altar of Cheibriados.
  4203 | D:6      | Reached * piety under Okawaru
  4204 | D:6      | Reached skill level 1 in Armour
  4392 | D:6      | 4392 ||| RETREEEEATING.
  4393 | D:6      | 4393 ||| ZAPPING wand of light (14) at -2,0 (black bear;
                  | floor).
  4394 | D:6      | Reached skill level 1 in Invocations
  4394 | D:6      | Reached XP level 8. HP: 45/45 MP: 9/11
  4600 | D:6      | Reached skill level 3 in Fighting
  4678 | D:6      | 4678 ||| UPGRADING to ring of protection from fire.
  4679 | D:6      | 4679 ||| READING scroll of identify.
  4679 | D:6      | 4679 ||| IDENTIFYING scroll labelled DUIHEFA GACZANT
  4680 | D:6      | 4680 ||| READING scroll labelled DAICRIZ MABBUM.
  4681 | D:6      | 4681 ||| DROPPING scroll of vulnerability.
  4738 | D:7      | Reached skill level 3 in Invocations
  4784 | D:7      | Reached ** piety under Okawaru
  4802 | D:7      | Found a broken altar of Ashenzari.
  4940 | D:7      | 4940 ||| RETREEEEATING.
  4941 | D:7      | 4941 ||| RETREEEEATING.
  4952 | D:7      | Reached skill level 13 in Ranged Weapons
  4968 | D:7      | 4968 ||| RETREEEEATING.
  4970 | D:7      | 4970 ||| RETREEEEATING.
  5008 | D:7      | Reached XP level 9. HP: 50/50 MP: 14/14
  5052 | D:7      | Identified the ring of Pride {rN+ Will+ Str+3 Dex+3}
  5195 | D:7      | Reached skill level 14 in Ranged Weapons
  5464 | D:7      | 5464 ||| UPGRADING to +4 ring mail.
  5474 | D:7      | 5474 ||| DROPPING +1 ring mail.
  5475 | D:7      | 5475 ||| UPGRADING to ring of Pride {rN+ Will+ Str+3
                  | Dex+3}.
  5477 | D:7      | 5477 ||| DROPPING ring of willpower.
  5478 | D:7      | 5478 ||| UPGRADING to +4 ring of protection.
  5529 | D:8      | Reached *** piety under Okawaru
  5569 | D:8      | 5569 ||| RETREEEEATING.
  5573 | D:8      | Reached skill level 6 in Dodging
  5875 | D:8      | 5875 ||| RETREEEEATING.
  5880 | D:8      | 5880 ||| INVOKING Heroism.
  5885 | D:8      | Reached skill level 15 in Ranged Weapons
  6381 | D:8      | 6381 ||| DROPPING ring of magical power.
  6382 | D:8      | 6382 ||| READING 3 scrolls of identify.
  6382 | D:8      | 6382 ||| IDENTIFYING fizzy emerald potion
  6383 | D:8      | 6383 ||| READING 2 scrolls of identify.
  6383 | D:8      | 6383 ||| IDENTIFYING scroll labelled CUEQIL NENITHRU
  6384 | D:8      | 6384 ||| DROPPING scroll of silence.
  6424 | D:9      | Noticed a two-headed ogre
  6425 | D:9      | 6425 ||| INVOKING Heroism.
  6428 | D:9      | Killed a two-headed ogre
  6429 | D:9      | Reached skill level 16 in Ranged Weapons
  6429 | D:9      | Reached XP level 10. HP: 56/56 MP: 12/15
  6508 | D:9      | Noticed a cyclops
  6509 | D:9      | 6509 ||| RETREEEEATING.
  6513 | D:9      | 6513 ||| RETREEEEATING.
  6515 | D:9      | 6515 ||| RETREEEEATING.
  6516 | D:9      | 6516 ||| ZAPPING wand of light (13) at -4,-2 (cyclops;
                  | floor).
  6517 | D:9      | 6517 ||| ZAPPING wand of light (12) at -3,-2 (cyclops;
                  | open_door).
  6518 | D:9      | 6518 ||| ZAPPING wand of light (11) at -3,-2 (cyclops;
                  | open_door).
  6519 | D:9      | 6519 ||| ZAPPING wand of light (10) at -3,-2 (cyclops;
                  | open_door).
  6519 | D:9      | Reached **** piety under Okawaru
  6520 | D:9      | 6520 ||| INVOKING Finesse.
  6523 | D:9      | Killed a cyclops
  6602 | D:9      | Reached skill level 17 in Ranged Weapons
  6649 | D:9      | 6649 ||| INVOKING Finesse.
  6650 | D:9      | 6650 ||| INVOKING Heroism.
  6705 | D:9      | Found a staircase to the Lair.
  6726 | D:9      | Paralysed by a hornet for 2 turns
  6729 | D:9      | 6729 ||| INVOKING Finesse.
  6731 | D:9      | HP: 14/56 [poisoned by a hornet]
  6732 | D:9      | 6732 ||| READING 4 scrolls of teleportation.
  6733 | D:9      | 6733 ||| DRINKING potion of heal wounds.
  6881 | D:9      | 6881 ||| RETREEEEATING.
  6883 | D:9      | 6883 ||| RETREEEEATING.
  6885 | D:9      | 6885 ||| RETREEEEATING.
  6893 | D:9      | 6893 ||| RETREEEEATING.
  6894 | D:9      | 6894 ||| RETREEEEATING.
  6895 | D:9      | 6895 ||| RETREEEEATING.
  6896 | D:9      | 6896 ||| RETREEEEATING.
  6897 | D:9      | 6897 ||| RETREEEEATING.
  6899 | D:9      | 6899 ||| RETREEEEATING.
  6901 | D:9      | 6901 ||| RETREEEEATING.
  6904 | D:9      | 6904 ||| RETREEEEATING.
  6923 | D:9      | 6923 ||| READING scroll of enchant armour.
  6923 | D:9      | 6923 ||| ENCHANTING +4 ring mail.
  6935 | D:9      | Noticed a cyan ugly thing
  6936 | D:9      | 6936 ||| INVOKING Finesse.
  6952 | D:9      | HP: 9/56 [cyan ugly thing (17)]
  6953 | D:9      | 6953 ||| READING 3 scrolls of teleportation.
  6953 | D:9      | HP: 3/56 [cyan ugly thing (6)]
  6953 | D:9      | Mangled by a cyan ugly thing

Levels and vault maps discovered:
D:1:      mushboom_english_gardens, layout_basic
D:2:      layout_loops_ring
D:3:      layout_rooms, bloody_makhleb
D:4:      layout_basic, hangedman_decor_opposing
D:5:      layout_loops_ring, mainiacjoe_overflow_alcove_4,
          lemuel_blue_sif_altar, nicolae_shop_firing_range
D:6:      layout_basic, mainiacjoe_overflow_small_starburst,
          minmay_temple_entry_offerings, kennysheep_generic_room_11
D:7:      layout_basic, nicolae_ashenzari_panopticon, fountainhead,
          minmay_gold_behind_fungi, grunt_decor_cap, serial_bayou_pond_b
D:8:      layout_layer_cave
D:9:      layout_roguey, hellmonk_lair_entry_icy, fountainhead
Temple:   hellmonk_temple_of_storms

Skill      XL: |  1  2  3  4  5  6  7  8  9 10 |
---------------+-------------------------------+-----
Ranged Weapons | 6 7 8 9 10 12 13 16 17 | 17.8
Fighting       | 2 3 4 |  4.1
Dodging        | 3 4 6 7 |  7.0
Armour         | 1 |  1.7
Invocations    | 1 4 5 |  5.6
Stealth        | |  1.2

Action                     |  1- 3 |  4- 6 |  7- 9 | 10-12 || total
---------------------------+-------+-------+-------+-------++-------
   Fire: Shortbow          |    95 |    66 |       |       ||   161
         Longbow           |       |    32 |   259 |   108 ||   399
 Invoke: Heroism           |       |       |     2 |     1 ||     3
         Finesse           |       |       |       |     4 ||     4
  Evoke: Wand              |       |     9 |     1 |     4 ||    14
    Use: Scroll            |     9 |     4 |     5 |     3 ||    21
         Potion            |     2 |     2 |     1 |     1 ||     6
 Armour: Leather armour    |     5 |       |       |       ||     5
         Ring mail         |     8 |    31 |   106 |    33 ||   178
  Dodge: Dodged            |    22 |    31 |    65 |    28 ||   146

Table legend:
 A = Non-vault XP
 B = Vault XP
 C = Vault XP percentage of total XP
 D = Non-vault monster count
 E = Vault monster count
 F = Vault count percentage of total count
                 A         B        C        D         E       F
            +---------+---------+-------+---------+---------+-------
      Total |    6798 |    2694 |  28.4 |     143 |      23 |  13.9
            +---------+---------+-------+---------+---------+-------
        D:1 |      39 |       0 |   0.0 |      22 |       0 |   0.0
        D:2 |      51 |       0 |   0.0 |      16 |       0 |   0.0
        D:3 |       9 |       0 |   0.0 |       5 |       0 |   0.0
        D:4 |     208 |       0 |   0.0 |      12 |       0 |   0.0
        D:5 |     461 |       6 |   1.3 |      13 |       3 |  18.8
        D:6 |     810 |     129 |  13.7 |      20 |       2 |   9.1
        D:7 |    1198 |     525 |  30.5 |      21 |       5 |  19.2
        D:8 |    1309 |       0 |   0.0 |      22 |       0 |   0.0
        D:9 |    2713 |    2034 |  42.8 |      12 |      13 |  52.0
            +---------+---------+-------+---------+---------+-------
